 Dungeon Crawl Stone Soup version 0.30-a0-743-gbfdf073431 (webtiles) character file.

Game seed: 16351607287287830587

319 pokeman the Magician (level 6, -1/34 HPs)
             Began as a Deep Elf Hedge Wizard on Feb 5, 2023.
             Killed from afar by an orc wizard (4 damage)
             ... with a magic dart
             ... on level 4 of the Dungeon.
             The game lasted 00:06:53 (4054 turns).

pokeman the Magician (Deep Elf Hedge Wizard)        Turns: 4054, Time: 00:06:54

Health: -1/34      AC:  4    Str:  7    XL:     6   Next: 21%
Magic:  6/17       EV: 13    Int: 21    God:
Gold:   244        SH:  0    Dex: 14    Spells: 10/18 levels left

rFire   . . .      SeeInvis .    l - +1 dagger (venom)
rCold   + . .      Faith    .    (no shield)
rNeg    + . .      Spirit   .    b - +0 robe
rPois   .          Reflect  .    x - +0 helmet
rElec   .          Harm     .    (no cloak)
rCorr   .          Rampage  .    (no gloves)
Will    .....                    e - +0 pair of boots
Stlth   +                        (no amulet)
HPRegen 0.25/turn                k - ring of protection from cold
MPRegen 0.15/turn                a - ring of positive energy

@: confused, weakened
A: no striking features
a: no special abilities


You were on level 4 of the Dungeon.
You visited 1 branch of the dungeon, and saw 4 of its levels.

You collected 244 gold pieces.

Inventory:

Hand Weapons
 l - a +1 dagger of venom (weapon)
Armour
 b - a +0 robe (worn)
 e - a +0 pair of boots (worn)
 n - a scarf of invisibility
 s - an orb of mayhem
 x - a +0 helmet (worn)
Jewellery
 a - a ring of positive energy (right hand)
 k - a ring of protection from cold (left hand)
Wands
 v - a wand of flame (23)
Scrolls
 c - a scroll of enchant weapon {unknown}
 f - 2 scrolls of identify {unknown}
 h - a scroll of fear {unknown}
 i - a scroll of noise {unknown}
 m - 2 scrolls of magic mapping {unknown}
 o - 2 scrolls of amnesia {unknown}
 q - a scroll of blinking {unknown}
 r - a scroll of fog {unknown}
 t - a scroll of enchant armour {unknown}
 u - 3 scrolls of teleportation {unknown}
 w - a scroll of immolation {unknown}
Potions
 d - 3 potions of magic
 g - 3 potions of flight {unknown}
 j - 2 potions of heal wounds {unknown}
 p - a potion of berserk rage {unknown}


   Skills:
 - Level 1.0 Fighting
 - Level 1.0 Armour
 - Level 3.0 Dodging
 - Level 3.0 Stealth
 - Level 1.0 Shields
 * Level 6.9 Spellcasting
 + Level 3.1 Conjurations
 - Level 1.1 Summonings
 - Level 1.1 Translocations
 - Level 1.0 Air Magic
 + Level 0.4 Poison Magic
 + Level 0.7 Evocations


You had 10 spell levels left.
You knew the following spells:

 Your Spells              Type           Power      Damage    Failure   Level
a - Magic Dart            Conj           80%        1d7       2%          1
b - Mephitic Cloud        Conj/Pois/Air  13%        N/A       14%         3
c - Call Imp              Summ           11%        N/A       9%          2
d - Blink                 Tloc           22%        N/A       9%          2

Your spell library contained the following spells:

 Spells                   Type           Power      Damage    Failure   Level
 Slow                     Hex            28%        N/A       9%          1
 Cigotuvi's Dreadful Rot  Necr/Pois/Air  18%        N/A       11%         2
 Kindle Blastsparks       Fire/Tloc/Air  20%        2d11      21%         3
 Iskenderun's Mystic Bla  Conj/Tloc      16%        2d5       36%         4
 Fulminant Prism          Conj/Hex       6%         3d7       43%         4
 Lee's Rapid Deconstruct  Erth           3%         3d5*      94%         5


Dungeon Overview and Level Annotations

Branches:
Dungeon (4/15)
 Temple: D:4-7

Altars:
Hepliaklqana
Nemelex Xobeh
Qazlal
Trog
Yredelemnul


Message History

Press: ? - help, Shift-Dir - straight line, f - gnoll
Aim: a gnoll, wielding a +0 club (chance to affect: 91%) That beam is likely to hit you.
Continue anyway?
The ball explodes into a vile cloud!
The stinking cloud engulfs the gnoll but does no damage.
The stinking cloud engulfs you but does no damage.
You are engulfed in noxious fumes.
You choke on the stench!
You are confused.
The gnoll is engulfed in noxious fumes.
The gnoll appears confused.
The gnoll hits you with a +0 club.
Unknown command.
Unknown command.
You barely miss the orc wizard.
The orc wizard is moderately wounded.
You are engulfed in noxious fumes.
You choke on the stench!
You are more confused.
The orc wizard seems less confused.
The gnoll is engulfed in noxious fumes.
The gnoll appears confused.
The gnoll barely misses you. The orc wizard casts a spell at you.
You are more confused.
The gnoll is engulfed in noxious fumes.
The gnoll appears confused.
A gnoll bouda comes into view. It is wielding a +0 whip.
The orc wizard points at you and mumbles some strange words.
The magic dart hits you!
* * * LOW HITPOINT WARNING * * *
The gnoll bouda shouts!
The orc wizard casts a spell at you.
You are more confused.
The gnoll bouda barks out a call to the hunt!
You bump into the rock wall.
The orc wizard gestures at you while chanting.
The magic dart hits you.
* * * LOW HITPOINT WARNING * * *
The orc wizard attacks as you move away!
The orc wizard hits you but does no damage.
The gnoll bouda gazes fiercely through you!
You feel your attacks grow feeble.
The orc wizard points at you and mumbles some strange words.
The magic dart hits you.
You die...

##.. ####.##..## #....#
#......## #....# #...)>.#.
#....# #......#. #....
#......#. ##+
#..###############....##
###..##..#..#..#.....###....##
............................##
.......g...o.@..............##
.......)).........>...........
......))......................
.###.###'####..##..##.###..###
#. #...##..##..##.######## .
#........'.......#...#. .
#........#.......#...#. ..
#........#.......#...#.
#........#.......#...#.


You could see a gnoll bouda and an orc wizard (very poisoned).

Vanquished Creatures
  A necrophage (D:4)
  3 electric eels (D:3)
  A hound (D:4)
  An iguana (D:4)
  2 adders
  2 gnolls (D:4)
  3 dart slugs
  A worm (D:4)
  4 orcs
  2 ball pythons
  7 bats
  8 endoplasms
  5 giant cockroaches
  11 goblins
  10 hobgoblins
  3 jackals (D:1)
  3 quokkas
  4 kobolds
  5 rats
76 creatures vanquished.

Vanquished Creatures (others)
  An electric eel (D:3)
1 creature vanquished.

Grand Total: 77 creatures vanquished

Notes
Turn   | Place    | Note
-------+----------+-------------------------------------------
     0 | D:1      | pokeman the Deep Elf Hedge Wizard began the quest for the
                  | Orb.
     0 | D:1      | Reached XP level 1. HP: 10/10 MP: 7/7
   161 | D:1      | Reached XP level 2. HP: 13/15 MP: 1/9
   425 | D:1      | Found a faded altar of an unknown god.
   642 | D:1      | Reached skill level 5 in Spellcasting
   962 | D:1      | Reached XP level 3. HP: 20/20 MP: 9/11
   966 | D:1      | Learned a level 3 spell: Mephitic Cloud
   969 | D:1      | Learned a level 2 spell: Call Imp
   976 | D:1      | Learned a level 2 spell: Blink
  1738 | D:2      | Reached skill level 1 in Fighting
  1864 | D:2      | Reached skill level 1 in Armour
  2275 | D:3      | Found a transporter.
  2293 | D:3      | Found a transporter.
  2444 | D:3      | Found a bloodstained altar of Trog.
  2618 | D:3      | Found a sparkling altar of Nemelex Xobeh.
  2618 | D:3      | Found a basalt altar of Yredelemnul.
  2620 | D:3      | Found a stormy altar of Qazlal.
  2620 | D:3      | Found a hazy altar of Hepliaklqana.
  2663 | D:3      | Reached XP level 4. HP: 25/25 MP: 11/13
  3277 | D:3      | Reached skill level 6 in Spellcasting
  3280 | D:3      | Reached XP level 5. HP: 29/29 MP: 10/15
  3494 | D:4      | Reached skill level 1 in Shields
  3694 | D:4      | Reached XP level 6. HP: 19/34 MP: 4/17
  3880 | D:4      | Reached skill level 1 in Air Magic
  4054 | D:4      | Killed from afar by an orc wizard

Illustrated notes

Levels and vault maps discovered:
D:1:      minmay_arrival_stone_box, layout_basic,
          ebering_ecumenical_altar_ruins, minmay_misc_feat_tiny, minmay_3d_cube
D:2:      layout_loops_ring
D:3:      gammafunk_steamed_eel, layout_basic, mainiacjoe_overflow_alcove_3,
          general_overflow_altar, dk_noncrumbling_4, serial_bayou_pond_e,
          chequers_serial_rivers_small_3
D:4:      layout_gridville, minmay_box_of_dots

Skill      XL: |  1  2  3  4  5  6 |
---------------+-------------------+-----
Spellcasting   | 5 6 |  6.9
Fighting       | 1 |  1.0
Armour         | 1 |  1.0
Conjurations   | 2 3 |  3.1
Dodging        | 3 |  3.0
Shields        | 1 |  1.0
Stealth        | 3 |  3.0
Air Magic      | 1 |  1.0
Summonings     | |  1.1
Translocations | |  1.1
Poison Magic   | |  0.4
Evocations     | |  0.7

Action                     |  1- 3 |  4- 6 || total
---------------------------+-------+-------++-------
  Melee: Dagger            |    16 |    42 ||    58
   Cast: Magic Dart        |   107 |    49 ||   156
         Mephitic Cloud    |       |     9 ||     9
         Call Imp          |       |     1 ||     1
   Stab: Sleeping          |     1 |     1 ||     2
         Confused          |       |     5 ||     5
         Distracted        |       |     1 ||     1
 Armour: Robe              |     6 |     7 ||    13
  Dodge: Dodged            |    21 |    21 ||    42

Table legend: (Time is in decaauts)
 A = Elapsed time spent in this place.
 B = Non-inter-level travel time spent in this place.
 C = Inter-level travel time spent in this place.
 D = Time resting spent in this place.
 E = Time spent auto-exploring this place.
 F = Levels seen in this place.
 G = Mean time per level.
                   A        B        C        D        E       F      G
               +--------+--------+--------+--------+--------+-----+--------+
         Total |   4058 |   3840 |    218 |    144 |   3153 |   4 | 1014.5 |
       Dungeon |   4058 |   3840 |    218 |    144 |   3153 |   4 | 1014.5 |
               +--------+--------+--------+--------+--------+-----+--------+

Top non-repeatable levels by time:
     D:1: 1414 daAuts
     D:3: 1217 daAuts
     D:2: 761 daAuts
     D:4: 665 daAuts
